AoeStats
← Jota

African Clearing

511059858Analyzed
2v2 RM · 7h ago on Oct 3, 2026· 44m 16s· 4 players
Game mode
Random Map
Map size
Medium (4 player)
Population
200
Speed
Normal
Resources
Standard
Victory
Conquest
Starting age
Dark Age
Ending age
Imperial Age
RankedLock teamsTeams togetherTeam positionsShared explorationLock speedFull tech treeHidden civsTurbo modeCheats
Victory
Defeat
🇬🇧 Huns · United Kingdom
1358
+15
🇩🇪 Tatars · Germany
1333
+16
🇪🇸 Italians · Spain
1472
-21
🇨🇴 Bengalis · Colombia
1191
-10
Grasdackel
7:16 Loom
14:40 Feudal Age
15:48 Double-Bit Axe
18:37 Castle Age
16:58 Fletching
17:42 Gold Mining
18:33 Padded Archer Armor
19:16 Bodkin Arrow
19:46 Bow Saw
23:35 Ballistics
23:21 Horse Collar
27:02 Leather Archer Armor
29:53 Town Watch
29:57 Elite Skirmisher
31:48 Bloodlines
34:04 Heavy Plow
38:19 Imperial Age
36:39 Wheelbarrow
37:06 Scale Barding Armor
37:08 Husbandry
36:30 Light Cavalry
39:52 Chain Barding Armor
39:45 Forging
42:43 Bracer
45:13 Ring Archer Armor
Arnold Swartzeneger
6:27 Loom
11:32 Feudal Age
17:15 Town Watch
20:16 Wheelbarrow
20:44 Bloodlines
21:46 Scale Barding Armor
23:28 Forging
27:45 Castle Age
26:00 Fletching
26:03 Double-Bit Axe
26:18 Horse Collar
28:29 Bodkin Arrow
35:12 Chain Barding Armor
35:23 Husbandry
34:44 Light Cavalry
37:28 Hand Cart
38:01 Iron Casting
38:14 Bow Saw
42:00 Imperial Age
40:31 Hand Cart
43:09 Conscription
42:17 Hussar
43:54 Atheism
43:37 Marauders
Jota
7:24 Loom
13:45 Feudal Age
21:52 Castle Age
23:01 Fletching
25:45 Gold Mining
31:53 Double-Bit Axe
31:51 Horse Collar
33:30 Padded Archer Armor
33:59 Bodkin Arrow
37:42 Wheelbarrow
38:08 Town Watch
42:24 Bow Saw
42:32 Leather Archer Armor
42:18 Heavy Plow
DS_lord dekko
11:13 Feudal Age
19:24 Loom
21:52 Castle Age
20:38 Double-Bit Axe
21:31 Gold Mining
22:57 Fletching
23:44 Bow Saw
27:27 Bodkin Arrow
31:54 Ballistics
38:10 Horse Collar
42:31 Wheelbarrow
44:13 Hand Cart
Connection lost

Rejoining the realm…

Still unreachable

The connection could not be restored.

Session expired

The server has moved on; the page needs a fresh start.